 Dungeon Crawl Stone Soup version 0.20-a0-893-g832831a (webtiles) character file.

1689 Rrauwl the Caller (level 9, -3/49 HPs)
             Began as a Tengu Summoner on Mar 17, 2017.
             Was a Follower of Sif Muna.
             Slain by a hippogriff (8 damage)
             ... on level 7 of the Dungeon.
             The game lasted 01:03:57 (8033 turns).

Rrauwl the Caller (Tengu Summoner)                  Turns: 8033, Time: 01:03:59

Health: -3/49      AC:  3    Str: 10    XL:     9   Next: 2%
Magic:  4/15       EV: 15    Int: 18    God:    Sif Muna [*.....]
Gold:   156        SH:  2    Dex: 14    Spells: 8/15 levels left

rFire    . . .     SeeInvis .   n - +3 spear (venom)
rCold    . . .     Gourm    .   h - +1 animal skin
rNeg     + . .     Faith    .   (no shield)
rPois    +         Spirit   .   (helmet restricted)
rElec    .         Reflect  +   (no cloak)
rCorr    .         Harm     .   (no gloves)
MR       .....                  (boots unavailable)
Stlth    ++........             q - +2 amulet of reflection
Regen    0.2/turn               (no ring)
MPRegen  0.2/turn               l - ring of positive energy

@: no status effects
A: beak, talons 3, poison resistance, able to fly 1
a: Fly, Divine Energy, Renounce Religion


You were on level 7 of the Dungeon.
You worshipped Sif Muna.
Sif Muna was aware of your devotion.
You were not hungry.

You visited 2 branches of the dungeon, and saw 8 of its levels.

You collected 253 gold pieces.
You spent 97 gold pieces at shops.

Inventory:

Hand Weapons
 n - a +3 spear of venom (weapon)
Armour
 h - a +1 animal skin (worn)
Jewellery
 l - a ring of positive energy (left hand)
 q - a +2 amulet of reflection (around neck)
Wands
 g - a wand of lightning (3/15)
 r - a wand of enslavement (14/24)
 s - a wand of flame (30/48)
 v - a wand of lightning (10/15)
 x - a wand of clouds (5/9)
 y - a wand of paralysis (7/24)
 z - a wand of random effects (41/48)
Scrolls
 a - a scroll of enchant armour
 j - a scroll of immolation
 k - 3 scrolls of identify
 t - a scroll of amnesia
 u - a scroll of recharging
 w - a scroll of fear
Potions
 d - a potion of might
 e - a potion of lignification
 m - 2 potions of flight
 o - 3 potions of brilliance
Books
 b - a book of Callings

   Spells                             Type                      Level
   a - Summon Small Mammal            Summoning                    1
   b - Call Imp                       Summoning                    2
   c - Call Canine Familiar           Summoning                    3
   d - Summon Guardian Golem          Hexes/Summoning              3
   e - Summon Lightning Spire         Summoning/Air                4
   f - Summon Ice Beast               Ice/Summoning                4
 i - a book of Maledictions

   Spells                             Type                      Level
   a - Corona                         Hexes                        1
   b - Ensorcelled Hibernation        Hexes/Ice                    2
   c - Confuse                        Hexes                        3
   d - Tukima's Dance                 Hexes                        3
   e - Dazzling Spray                 Conjuration/Hexes            3
Comestibles
 c - 4 bread rations
 f - 2 meat rations


   Skills:
 + Level 2.9 Fighting
 + Level 4.1 Polearms
 + Level 4.6 Armour
 + Level 5.4 Dodging
 - Level 2.0 Stealth
 + Level 3.8 Spellcasting
 + Level 6.7 Summonings
 - Level 6.0 Air Magic
 - Level 2.0 Evocations


You had 8 spell levels left.
You knew the following spells:

 Your Spells              Type           Power        Failure   Level  Hunger
a - Summon Lightning Spi  Summ/Air       ####....     14%         4    ####...
b - Call Canine Familiar  Summ           ####....     2%          3    ###....


Dungeon Overview and Level Annotations

Branches:
Dungeon (7/15)             Temple (1/1) D:5

Altars:
Ashenzari
Cheibriados
Elyvilon
Fedhas
Gozag
Hepliaklqana
Kikubaaqudgha
Makhleb
Nemelex Xobeh
Okawaru
Qazlal
Ru
Sif Muna
Trog
Uskayaw
Vehumet
Yredelemnul
Zin
The Shining One

Shops:
D:5 =


Innate Abilities, Weirdness & Mutations

You have a beak for a mouth.
You have claws for feet.
You can fly.
Your system is resistant to poisons. (rPois)


Message History

The hippogriff pecks you. The hippogriff claws you.
Your hound bites the hippogriff.
You barely miss the hippogriff. Your kick misses the hippogriff.
The hippogriff is severely wounded.
The hippogriff bites you but does no damage.
The hippogriff pecks you. The hippogriff claws you.
Your hound bites the hippogriff.
You completely miss the hippogriff. You claw the hippogriff.
The hippogriff is severely wounded.
Your hound bites the hippogriff.
The hippogriff closely misses your hound.
The hippogriff pecks your hound. The hippogriff claws your hound!
You barely miss the hippogriff. You claw the hippogriff.
The hippogriff is almost dead.
Your hound bites the hippogriff.
The hippogriff bites you.
* * * LOW HITPOINT WARNING * * *
The hippogriff pecks you.
* * * LOW HITPOINT WARNING * * *
The hippogriff claws you!
You die...

.# #.# .# #.##
.# #..###
.########....###
...............+
.########....###
.# ##.#.# <#
######.##### ##
#........8H@#
#.#.###..##h#
#..##.# #..##.#
##.##.# ..##.#
####.# ..#


You could see a hippogriff, a friendly lightning spire and a friendly hound.

Vanquished Creatures
  The ghost of KappaPride the Covert, a novice FeEn (D:4)
  2 ogres
  2 sky beasts (D:6)
  2 centaurs (D:6)
  4 bullfrogs
  A howler monkey (D:4)
  A bullfrog skeleton (D:4)
  2 orc wizards (D:6)
  2 worker ants
  A hound skeleton (D:5)
  A howler monkey zombie (D:5)
  2 gnolls (D:6)
  7 adders
  An ooze (D:3)
  An adder zombie (D:5)
  2 worms
  2 dart slugs (D:1)
  7 leopard geckos
  2 orcs (D:6)
  A ball python (D:6)
  4 giant cockroaches
  10 goblins
  5 hobgoblins
  A jackal (D:2)
  5 kobolds
  A quokka (D:5)
  5 bats
  3 frilled lizards
  6 rats
84 creatures vanquished.

Vanquished Creatures (collateral kills)
  Sigmund (D:3)
  Eustachio (D:4)
  Duvessa (D:4)
  A phantom (D:5)
  A centaur (D:6)
  Dowan (D:4)
  A howler monkey (D:5)
  A gnoll shaman (D:6)
  A hound (D:6)
  A jelly (D:6)
  Ijyb (D:2)
  A worker ant (D:6)
  Robin (D:2)
  A howler monkey zombie (D:6)
  2 adders
  13 gnolls
  A shadow imp (D:5)
  2 worms
  A dart slug (D:1)
  A leopard gecko (D:3)
  3 orcs
  2 giant cockroaches
  15 goblins
  8 hobgoblins
  2 jackals (D:2)
  3 quokkas
  2 bats
  4 kobolds
  A leopard gecko zombie (D:5)
  A rat (D:2)
75 creatures vanquished.

Grand Total: 159 creatures vanquished

Notes
Turn   | Place    | Note
-------+----------+-------------------------------------------
     0 | D:1      | Rrauwl the Tengu Summoner began the quest for the Orb.
     0 | D:1      | Reached XP level 1. HP: 10/10 MP: 4/4
   316 | D:1      | Reached skill level 5 in Summonings
   514 | D:1      | Reached XP level 2. HP: 15/15 MP: 6/6
  1440 | D:2      | Reached XP level 3. HP: 5/19 MP: 6/8
  1445 | D:2      | Learned a level 3 spell: Call Canine Familiar
  2030 | D:2      | Reached XP level 4. HP: 22/24 MP: 9/9
  2036 | D:2      | Learned a level 4 spell: Summon Lightning Spire
  2075 | D:2      | Found a sacrificial altar of Ru.
  2309 | D:2      | Noticed Ijyb
  2322 | D:2      | Killed Ijyb
  2322 | D:2      | Reached skill level 1 in Air Magic
  2327 | D:2      | Reached skill level 1 in Fighting
  2816 | D:2      | Noticed Robin
  2834 | D:2      | Killed Robin
  2834 | D:2      | Gained mutation: You can fly. [Tengu growth]
  2834 | D:2      | Reached XP level 5. HP: 8/29 MP: 0/10
  3213 | D:3      | Noticed Sigmund
  3640 | D:3      | Reached skill level 1 in Armour
  4038 | D:3      | Killed Sigmund
  4038 | D:3      | Reached XP level 6. HP: 35/35 MP: 3/11
  4386 | D:4      | Noticed Eustachio
  4410 | D:4      | Found a radiant altar of Vehumet.
  4416 | D:4      | Reached skill level 1 in Polearms
  4511 | D:4      | Killed Eustachio
  4511 | D:4      | Reached XP level 7. HP: 38/40 MP: 2/12
  4748 | D:4      | Noticed Dowan
  4750 | D:4      | Noticed Duvessa
  4760 | D:4      | Killed Dowan
  4767 | D:4      | Killed Duvessa
  4904 | D:4      | Noticed KappaPride's ghost (novice FeEn)
  4932 | D:4      | Killed KappaPride's ghost
  4932 | D:4      | Reached skill level 1 in Evocations
  5052 | D:4      | Found a glowing golden altar of the Shining One.
  5178 | D:5      | Entered Level 5 of the Dungeon
  5178 | D:5      | Found a staircase to the Ecumenical Temple.
  5189 | Temple   | Entered the Ecumenical Temple
  5252 | Temple   | Became a worshipper of Sif Muna the Loreminder
  5397 | D:5      | Reached XP level 8. HP: 44/44 MP: 13/13
  5677 | D:5      | Found an iron altar of Okawaru.
  5736 | D:5      | Found Pogro's Jewellery Shop.
  5744 | D:5      | Bought a +2 amulet of reflection for 97 gold pieces
  6199 | D:5      | Reached skill level 5 in Air Magic
  6471 | D:6      | Gained mutation: Your system is resistant to poisons. (rPois) [mutagenic meat]
  6897 | D:6      | Found a snail-covered altar of Cheibriados.
  6916 | D:6      | Reached skill level 5 in Dodging
  7331 | D:6      | Reached * piety under Sif Muna
  7525 | D:6      | Found an ancient bone altar of Kikubaaqudgha.
  7540 | D:6      | Reached XP level 9. HP: 35/49 MP: 15/15
  8033 | D:7      | Slain by a hippogriff

Vault maps used:
D:1:      dpeg_arrival_houses_and_road, st_stairs_14
D:2:      kennysheep_goblin_castle, lemuel_round_altar, hangedman_decor_growths,
          uniq_iyjb
D:3:      uniq_sigmund
D:4:      vehumet_altar_wand_db, nicolae_tso_swordbearing_angel, uniq_eustachio,
          uniq_duvessa
D:5:      old_standard_altar, minmay_temple_entry_glass, serial_shops,
          nicolae_shop_crystal, first_bread
D:6:      old_standard_altar, kennysheep_mini_moat
D:7:      minmay_opposing_rooms
Temple:   dshaligram_water_room_temple

Skill      XL: |  1  2  3  4  5  6  7  8 |
---------------+-------------------------+-----
Summonings     | 5 6 |  6.7
Spellcasting   | 3 |  3.8
Air Magic      | 1 2 3 4 6 |  6.0
Fighting       | 1 2 |  2.9
Armour         | 2 3 4 |  4.6
Dodging        | 3 4 5 |  5.4
Polearms       | 1 3 4 |  4.1
Evocations     | 1 2 |  2.0
Stealth        | |  2.0

Action                   |  1- 3 |  4- 6 |  7- 9 || total
-------------------------+-------+-------+-------++-------
Melee: Unarmed           |    29 |       |       ||    29
       Kick              |    16 |    15 |    27 ||    58
       Peck              |     7 |    12 |    13 ||    32
       Whip              |    59 |    46 |       ||   105
       Spear             |       |    49 |   140 ||   189
 Cast: Summon Small Mamm |    11 |       |       ||    11
       Call Canine Famil |     6 |    24 |    32 ||    62
       Summon Lightning  |       |     3 |     9 ||    12
Evoke: Wand              |       |       |     2 ||     2
  Use: Potion            |     1 |     4 |     7 ||    12
       Scroll            |     8 |     6 |     7 ||    21
 Stab: Sleeping          |     3 |     2 |       ||     5
       Distracted        |     1 |     1 |     1 ||     3
  Eat: Chunk             |     1 |     4 |     7 ||    12
       Meat ration       |     1 |     1 |     1 ||     3
       Royal jelly       |       |     1 |     1 ||     2
       Bread ration      |       |       |     1 ||     1
Armor: Robe              |    20 |     6 |       ||    26
       Leather armour    |       |     9 |       ||     9
       Animal skin       |       |     2 |     9 ||    11
       Skin              |       |       |     6 ||     6
Dodge: Dodged            |    54 |    56 |    50 ||   160
Block: Other             |       |       |     3 ||     3
       Reflection        |       |       |     2 ||     2
